 Dungeon Crawl Stone Soup version 0.16-b1 (webtiles) character file.

7503 abixa the Severer (level 11, -8/91 HPs)
             Began as a Hill Orc Berserker on Mar 6, 2015.
             Was a High Priest of Trog.
             Mangled by a hill giant zombie
             ... wielding a +0 giant club
             ... animated by a shadow imp
              (11 damage)
             ... on level 9 of the Dungeon.
             The game lasted 00:43:21 (11257 turns).

abixa the Severer (Hill Orc Berserker)             Turns: 11257, Time: 00:43:21

Health: -8/91      AC: 15    Str: 21    XL:     11   Next: 16%
Magic:  11/11      EV: 11    Int: 12    God:    Trog [*****.]
Gold:   465        SH:  0    Dex: 13    Spells: 0 memorised, 10 levels left

rFire  . . .     SeeInvis +     o - +5 battleaxe "Iheukk" {freeze, Stlth+}
rCold  + . .     Clarity  .     R - +2 scale mail {rC+}
rNeg   . . .     SustAb   .     (no shield)
rPois  .         Gourm    .     (no helmet)
rElec  .         Spirit   .     C - +0 cloak
rCorr  .         Warding  .     i - +1 pair of gloves {archery}
rMut   .         Stasis   .     k - +0 pair of boots
MR     ++...                    (no amulet)
Stlth  +.........               (no ring)
                                D - ring of see invisible

@: brilliant, very slightly contaminated, regenerating, invisible, very
resistant to hostile enchantments, very unstealthy
A: no striking features
a: Burn Spellbooks, Berserk, Trog's Hand, Brothers in Arms, Renounce Religion


You were on level 9 of the Dungeon.
You worshipped Trog.
Trog was extremely pleased with you.
You were hungry.

You visited 2 branches of the dungeon, and saw 10 of its levels.
You also visited: Sewer.

You collected 643 gold pieces.
You spent 178 gold pieces at shops.

Inventory:

Hand weapons
 a - a +1 antimagic battleaxe
 b - a +0 blowgun
 o - the +5 battleaxe "Iheukk" (weapon) {freeze, Stlth+}
   (Trog gifted it to you on level 9 of the Dungeon)

   It has been specially enchanted to freeze those struck by it, causing extra
   injury to most foes and up to half again as much damage against particularly
   susceptible opponents.
   It can also slow down cold-blooded creatures.
   It makes you more stealthy.
 F - a +0 spear
Missiles
 g - 341 stones
 h - 30 poisoned needles
 q - 6 javelins of penetration
 s - 4 tomahawks of returning
 G - 9 tomahawks (quivered)
 J - 2 poisoned javelins
 M - 49 sling bullets
 N - 2 steel tomahawks
Armour
 i - a +1 pair of gloves of archery (worn)
 k - a +0 pair of boots (worn)
 C - a +0 cloak (worn)
 R - a +2 scale mail of cold resistance (worn)
Jewellery
 D - a ring of see invisible (left hand)
 W - an uncursed amulet of regeneration {unknown}
Magical devices
 K - a wand of fireball (3)
 S - a wand of flame (23)
 U - a wand of random effects (16)
 V - a wand of magic darts (30)
Scrolls
 d - a scroll of enchant armour {unknown}
 e - 11 scrolls of identify
 n - 7 scrolls of teleportation
 r - 3 scrolls of blinking {unknown}
 t - 4 scrolls of noise {unknown}
 y - 6 scrolls of remove curse
 z - 2 scrolls of magic mapping {unknown}
 E - 5 scrolls of fear {unknown}
 I - 2 scrolls of immolation {unknown}
 L - 2 scrolls of recharging {unknown}
 Q - a scroll of enchant weapon {unknown}
 T - a scroll of summoning {unknown}
 X - a scroll of fog {unknown}
 Y - a scroll of amnesia {unknown}
Potions
 j - 6 potions of curing
 l - a potion of beneficial mutation {unknown}
 p - 5 potions of flight
 u - a potion of brilliance
 w - 2 potions of cure mutation
 x - 3 potions of invisibility
 B - a potion of heal wounds {unknown}
 H - a potion of mutation {unknown}
 O - a potion of restore abilities {unknown}
Books
 m - a book of Transfigurations

   Spells                             Type                      Level
   a - Stoneskin                      Transmutation/Earth          2
   b - Irradiate                      Conjuration/Transmutation    5
   c - Statue Form                    Transmutation/Earth          6
   d - Hydra Form                     Transmutation                6
   e - Dragon Form                    Transmutation                7
   Trog disapproves of the use of such an item.
 P - a book of Maledictions

   Spells                             Type                      Level
   a - Corona                         Hexes                        1
   b - Sure Blade                     Hexes/Charms                 2
   c - Ensorcelled Hibernation        Hexes/Ice                    2
   d - Confuse                        Hexes                        3
   e - Dazzling Spray                 Conjuration/Hexes            3
   f - Enslavement                    Hexes                        4
   Trog disapproves of the use of such an item.
Comestibles
 c - 7 meat rations
 f - 2 royal jellies
 A - 6 bread rations


   Skills:
 + Level 6.9 Fighting
 + Level 16.0 Axes
 - Level 4.6 Throwing
 + Level 8.9 Armour
 + Level 3.2 Dodging


You had 10 spell levels left.
You didn't know any spells.

Dungeon Overview and Level Annotations

Branches:
Dungeon (9/15)             Temple (1/1) D:4             Orc (0/4) D:9
   Lair: D:8-11

Altars:
Ashenzari
Cheibriados
Dithmenos
Elyvilon
Fedhas
Gozag
Kikubaaqudgha
Makhleb
Nemelex Xobeh
Okawaru
Qazlal
Ru
Sif Muna
Vehumet
Xom
Yredelemnul
Zin

Shops:
D:7 *   D:8 [


Message History

You slash the shadow imp!
The shadow imp is severely wounded.
The hill giant zombie hits you with a giant club!!
* * * LOW HITPOINT WARNING * * *
The shadow imp barely misses you.
The big kobold zombie barely misses you.
Drink which item? (? for menu, Esc to quit)
It was a potion of invisibility.
You fade into invisibility!
The shadow imp hits you but does no damage.
The big kobold zombie barely misses you.
You are very lightly contaminated with residual magic.
Read which item? (? for menu, Esc to quit)
Okay, then.
Unknown command.
Drink which item? (? for menu, Esc to quit)
It was a potion of brilliance.
You feel clever all of a sudden.
The hill giant zombie hits you with a giant club!
You die...

#...............
#..............#
#..........#####
#...####..### . #..#
#..## ... #. #..#
.... #..###..##
##.....
#.....[.#####Z.......
#....#..##.Z@.S......
#....##((..##5>#.....
#..#.. #((### ### #
.###. #..# #... .....
.#.... .####... ...


You could see an adder, a shadow imp, a big kobold zombie and a hill giant
zombie.

Vanquished Creatures
  A hill giant (D:9)
  Pikel (D:6)
  The ghost of abixa the Chopper, an experienced HOBe of Trog (D:5)
  The ghost of abixa the Chucker, an average HOBe of Trog (Sewer)
  2 two-headed ogres
  Eustachio (D:7)
  9 yaks (D:9)
  4 orc warriors
  6 ogres
  An ice beast (D:9)
  2 sky beasts
  3 phantoms
  2 slaves (D:6)
  3 centaurs
  Sigmund (D:3)
  3 giant frogs
  3 big kobolds
  3 scorpions
  4 jellies
  3 goliath beetles
  4 wights (D:7)
  8 crimson imps
  Crazy Yiuf (D:4)
  7 orc priests
  6 orc wizards
  6 hounds
  2 iguanas
  Natasha (thrice) (D:3)
  6 worker ants
  Ijyb (D:6)
  2 hound skeletons
  A worker ant zombie (D:5)
  9 adders
  4 gnolls (D:5)
  3 white imps (D:7)
  10 worms
  4 giant mites
  3 shadow imps
  8 giant geckos
  7 oozes
  31 orcs
  21 bats
  A bat skeleton (D:7)
  A bat zombie (D:5)
  17 goblins
  16 hobgoblins
  14 jackals
  30 kobolds
  4 quokkas
  8 ball pythons
  9 giant cockroaches
  A giant gecko zombie (D:9)
  4 giant newts
  A giant spore (D:6)
  A jackal zombie (D:7)
  2 kobold zombies (D:9)
  A quokka skeleton (D:8)
  A quokka zombie (D:7)
  12 rats
  5 ballistomycetes
329 creatures vanquished.

Vanquished Creatures (others)
  A hobgoblin (D:6)
  A quokka (D:7)
  A giant spore (D:7)
  A rat (D:1)
4 creatures vanquished.

Grand Total: 333 creatures vanquished

Notes
Turn   | Place    | Note
--------------------------------------------------------------
     0 | D:1      | abixa, the Hill Orc Berserker, began the quest for the Orb.
     0 | D:1      | Reached XP level 1. HP: 19/19 MP: 1/1
   110 | D:1      | Reached skill level 1 in Throwing
   156 | D:1      | Reached XP level 2. HP: 19/26 MP: 2/2
   354 | D:1      | Reached XP level 3. HP: 27/31 MP: 3/3
   433 | D:1      | Acquired Trog's second power
  1541 | D:2      | Reached XP level 4. HP: 25/39 MP: 4/4
  2041 | D:2      | Found a blossoming altar of Fedhas.
  2628 | D:3      | Received a gift from Trog
  2666 | D:3      | Reached XP level 5. HP: 6/45 MP: 5/5
  2767 | D:3      | Found a glowing drain.
  2846 | Sewer    | Entered a sewer
  3040 | Sewer    | Noticed abixa's ghost (average HOBe)
  3050 | Sewer    | Killed abixa's ghost
  3050 | Sewer    | Reached skill level 7 in Axes
  3050 | Sewer    | Reached XP level 6. HP: 51/51 MP: 6/6
  3392 | Sewer    | Received a gift from Trog
  3858 | D:3      | Reached XP level 7. HP: 24/57 MP: 7/7
  4018 | D:3      | Reached skill level 8 in Axes
  4051 | D:3      | Noticed Natasha
  4057 | D:3      | Killed Natasha
  4106 | D:3      | Acquired Trog's third power
  4234 | D:3      | Noticed Natasha
  4261 | D:3      | Killed Natasha
  4383 | D:3      | Noticed Sigmund
  4395 | D:3      | Killed Sigmund
  4515 | D:3      | Noticed Natasha
  4523 | D:3      | Killed Natasha
  4775 | D:4      | Reached skill level 9 in Axes
  5037 | D:4      | Found a white marble altar of Elyvilon.
  5220 | D:4      | Noticed Crazy Yiuf
  5227 | D:4      | Killed Crazy Yiuf
  5380 | D:4      | Reached skill level 10 in Axes
  5563 | D:4      | Reached XP level 8. HP: 58/64 MP: 8/8
  5578 | D:4      | Found a staircase to the Ecumenical Temple.
  5583 | Temple   | Entered the Ecumenical Temple
  5707 | D:5      | Entered Level 5 of the Dungeon
  5801 | D:5      | Noticed abixa's ghost (experienced HOBe)
  6009 | D:5      | Reached skill level 5 in Armour
  6754 | D:5      | Killed abixa's ghost
  6754 | D:5      | Reached skill level 11 in Axes
  6754 | D:5      | Reached XP level 9. HP: 70/70 MP: 9/9
  7219 | D:6      | Reached skill level 12 in Axes
  7288 | D:6      | Found a stormy altar of Qazlal.
  7690 | D:6      | Noticed Pikel
  7698 | D:6      | Killed Pikel
  7698 | D:6      | Reached skill level 13 in Axes
  7961 | D:7      | Found a glowing silver altar of Zin.
  8091 | D:6      | Noticed Ijyb
  8100 | D:6      | Killed Ijyb
  8138 | D:6      | Reached skill level 14 in Axes
  8207 | D:6      | Received a gift from Trog
  8613 | D:7      | Found Zuann's General Store.
  8632 | D:7      | Bought a scroll of identify for 26 gold pieces
  8632 | D:7      | Bought a scroll of identify for 26 gold pieces
  8702 | D:7      | Reached XP level 10. HP: 63/77 MP: 3/10
  8751 | D:7      | Reached skill level 15 in Axes
  8877 | D:7      | Found an iron altar of Okawaru.
  8881 | D:7      | Found an opulent altar of Gozag.
  9238 | D:7      | Noticed Eustachio
  9262 | D:7      | Killed Eustachio
  9796 | D:8      | Found a basalt altar of Yredelemnul.
  9979 | D:8      | Reached skill level 5 in Fighting
 10182 | D:8      | Found Tagu's Armour Shoppe.
 10189 | D:8      | Bought a +1 pair of gloves of archery for 126 gold pieces
 10346 | D:9      | Found a shattered altar of Ashenzari.
 10370 | D:9      | Received a gift from Trog
 10371 | D:9      | Got an ancient battleaxe {god gift}
 10372 | D:9      | Identified the +5 battleaxe "Iheukk" {freeze, Stlth+} (Trog gifted it to you on level 9 of the Dungeon)
 10991 | D:9      | Reached XP level 11. HP: 68/89 MP: 11/11
 11238 | D:9      | Found a staircase to the Orcish Mines.
 11238 | D:9      | Noticed a hill giant
 11243 | D:9      | Killed a hill giant
 11243 | D:9      | Reached skill level 16 in Axes
 11255 | D:9      | HP: 1/91 [hill giant zombie/giant club[a shadow imp] (26)]
 11257 | D:9      | Mangled by a hill giant zombie

Action                   |  1- 3 |  4- 6 |  7- 9 | 10-12 || total
-------------------------+-------+-------+-------+-------++-------
Melee: Hand axe          |   109 |   247 |   535 |       ||   891
       Battleaxe         |       |       |   166 |   237 ||   403
 Fire: Blowgun           |       |       |       |     6 ||     6
Throw: Stone             |     8 |    73 |    32 |       ||   113
       Javelin           |       |     4 |     6 |     3 ||    13
       Tomahawk          |       |       |     2 |     7 ||     9
Invok: Berserk           |       |     2 |     7 |       ||     9
       Trog's Hand       |       |       |     2 |     1 ||     3
  Use: Scroll            |       |     2 |     5 |       ||     7
       Potion            |       |     1 |       |     2 ||     3
  Eat: Chunk             |     1 |    11 |    24 |     6 ||    42
       Beef jerky        |       |       |       |     1 ||     1
